Map: Ruines d’Endion

Players

kranuwa

  • Race: Protoss Protoss
  • League: Gold
  • Spawn Location: 5:00

zidar - Winner!

  • Race: Zerg Zerg
  • League: Gold
  • Spawn Location: 7:00

VOD

Have the link to the VOD?

Description

Time

  • Played on: June 14, 2016, 12:06 p.m.
  • Length: 3:50
Show
View Real Time Build Order
Export as new Build Order

kranuwa Protoss 

Build Orders:  

Get SALT Encoding   

  12  0:05  Probe (Chrono Boost)  
  13  0:15  Probe (Chrono Boost)  
  13  0:19  Pylon  
  14  0:26  Probe (Chrono Boost)  
  15  0:37  Probe (Chrono Boost)  
  15  0:41  Gateway  
  16  0:48  Probe (Chrono Boost)  
  17  0:51  Assimilator  
  17  0:57  Pylon  
  17  1:01  Probe (Chrono Boost)  
  18  1:12  Probe (Chrono Boost)  
  19  1:19  Gateway  
  19  1:24  Pylon  
  19  1:28  Probe (Chrono Boost)  
  20  1:38  Probe (Chrono Boost)  
  20  1:39  Assimilator  
  21  1:49  Cybernetics Core  
  21  1:52  Probe (Chrono Boost)  
  22  2:03  Probe (Chrono Boost)  
  23  2:13  Probe (Chrono Boost)  
  24  2:19  Pylon  
  24  2:21  Gateway  
  24  2:26  Stalker (Chrono Boost)  
  26  2:43  Stalker (Chrono Boost)  
  28  2:48  Mothership Core  
  30  3:04  Pylon  
  30  3:09  Gateway  
  30  3:25  Nexus  
Show
View Real Time Build Order
Export as new Build Order

zidar Zerg - Winner!

Build Orders: Pool First 

Get SALT Encoding   

  12  0:01  Drone  
  13  0:12  Overlord  
  13  0:17  Drone  
  14  0:31  Drone x2  
  16  0:42  Spawning Pool  
  16  0:45  Drone  
  16  0:49  Extractor  
  15  0:50  Drone  
  16  1:04  Drone  
  17  1:30  Queen, Hatchery  
  18  1:33  Drone  
  18  1:38  Zergling x2  
  20  1:41  Zergling x2  
  21  1:49  Overlord  
  21  2:06  Zergling x2  
  21  2:08  Metabolic Boost  
  22  2:16  Drone  
  22  2:17  Drone  
  24  2:31  Queen  
  26  2:38  Zergling x2  
  27  2:49  Zergling x10  
  32  3:01  Zergling x4  
  34  3:13  Zergling x4  
Tags
 
Add a new tag
Caveats
  • Supply blocks, unpowered buildings, or Contaminate may cause inaccurate times.
  • Supply counts are checked every 10 seconds.